 Dungeon Crawl Stone Soup version 0.30.1-11-g7821555f0a (webtiles) character file.

Game seed: 4920834052997344861

88 ChrisAssaf the Vexing (level 4, 0/31 HPs)
             Began as a Demonspawn Enchanter on Nov 8, 2023.
             Slain by an orc
             ... wielding a +0 short sword
              (4 damage)
             ... on level 4 of the Dungeon.
             The game lasted 00:07:47 (1223 turns).

ChrisAssaf the Vexing (Demonspawn Enchanter)        Turns: 1223, Time: 00:07:47

Health: 0/31       AC:  3    Str:  9 (10) XL:     4   Next: 29%
Magic:  3/7        EV: 12    Int: 14 (16) God:
Gold:   49         SH:  5    Dex: 11 (14) Spells: 2/7 levels left

rFire   . . .        a - +1 dagger
rCold   . . .        (no shield)
rNeg    . . .        b - +0 robe
rPois   .            (no helmet)
rElec   .            (no cloak)
rCorr   .            (no gloves)
SInv    .            (no boots)
Will    .....        j - amulet of reflection
Stlth   ++           (no ring)
HPRegen 0.25/turn    (no ring)
MPRegen 0.10/turn

%: reflection, clarity
@: attractive, invisible
A: powered by death 1, sharp scales 1, clarity, wild magic 1
a: no special abilities


You were on level 4 of the Dungeon.
You visited 1 branch of the dungeon, and saw 4 of its levels.

You collected 49 gold pieces.

Inventory:

Hand Weapons
 a - a +1 dagger (weapon)
Missiles
 n - 5 atropa-tipped darts
Armour
 b - a +0 robe (worn)
Jewellery
 j - an amulet of reflection (around neck)
Scrolls
 d - a scroll of teleportation
 e - a scroll of poison
 h - a scroll of noise {unknown}
 l - a scroll of butterflies {unknown}
 m - a scroll of blinking {unknown}
 o - a scroll of magic mapping {unknown}
Potions
 i - 3 potions of cancellation


   Skills:
 * Level 0.6 Fighting
 * Level 1.3 Short Blades
 * Level 0.8 Armour
 * Level 2.0 Dodging
 * Level 3.4 Stealth
 * Level 2.3 Spellcasting
 * Level 3.6 Hexes
 * Level 0.3 Ice Magic


You had 2 spell levels left.
You knew the following spells:

 Your Spells              Type           Power      Damage    Failure   Level
a - Ensorcelled Hibernat  Hex/Ice        18%        N/A       22%         2
b - Tukima's Dance        Hex            15%        N/A       22%         3

Your spell library contained the following spells:

 Spells                   Type           Power      Damage    Failure   Level
 Confusing Touch          Hex            15%        N/A       22%         3
 Dazzling Flash           Conj/Hex       16%        N/A       41%         3


Dungeon Overview and Level Annotations

Branches:
Dungeon (4/15)
 Temple: D:4-7

Altars:


Innate Abilities, Weirdness & Mutations

You regenerate a little health from kills.
You are partially covered in razor-sharp scales. (AC +1, Slay +1)
You possess an exceptional clarity of mind.
Your spells are a little harder to cast, but a little more powerful.


Message History

The orc hits you with a +0 short sword.
* * * LOW HITPOINT WARNING * * *
Things that are here:
a +0 hand axe; a +0 scale mail; an orc corpse It was a potion of degeneration.
There was something very wrong with that liquid.
You feel weakened.
You feel dopey.
You feel clumsy. The orc hits you with a +0 short sword.
* * * LOW HITPOINT WARNING * * *
Okay, then.
You fade into invisibility!
The orc barely misses you.
You hit the orc but do no damage. The orc hits you with a +0 short sword.
* * * LOW HITPOINT WARNING * * *
You hit the orc but do no damage. You hit the orc.
The orc is lightly wounded.
You catch the helpless orc completely off-guard!
You puncture the orc!
You kill the orc!
You hit the orc.
The orc is heavily wounded.
You barely miss the orc.
The orc is heavily wounded.
The orc misses you.
You completely miss the orc.
The orc is heavily wounded.
The orc hits you with a +0 short sword.
* * * LOW HITPOINT WARNING * * *
You hit the orc but do no damage.
The orc is heavily wounded.
The orc closely misses you.
You hit the orc.
The orc is heavily wounded.
The orc hits you with a +0 short sword.
* * * LOW HITPOINT WARNING * * *
You hit the orc but do no damage.
The orc is heavily wounded.
The orc hits you with a +0 short sword.
You die...

#.....o.#.......# ......#.#.##
#.....o##.......##......#.#...
#......+.........+..... #.####
###...##.........##...###.....
#........†..#.#+#.(.####
###.......#####.#..<# # #
#+#...#§# ##.....# #
#...#####.####..#...# #
#....@o......##...# #
###############.>.# # #.#.# #
#.#.# #.#.. #.#### #.#


You could see an orc (unable to see you).

Vanquished Creatures
  4 adders
  A worm (D:4)
  A dart slug (D:3)
  8 orcs
  2 endoplasms (D:3)
  A giant cockroach (D:1)
  5 goblins
  5 hobgoblins
  3 ball pythons
  4 bats
  4 frilled lizards
  A kobold (D:3)
  2 rats (D:1)
41 creatures vanquished.

Vanquished Creatures (collateral kills)
  A kobold (D:3)
1 creature vanquished.

Vanquished Creatures (others)
  A dancing weapon (D:4)
1 creature vanquished.

Grand Total: 43 creatures vanquished

Notes
Turn   | Place    | Note
-------+----------+-------------------------------------------
     0 | D:1      | ChrisAssaf the Demonspawn Enchanter began the quest for the
                  | Orb.
     0 | D:1      | Reached XP level 1. HP: 13/13 MP: 3/3
    19 | D:1      | Reached skill level 1 in Short Blades
   140 | D:1      | Gained mutation: You regenerate a little health from kills.
                  | [demonic ancestry]
   140 | D:1      | Reached XP level 2. HP: 19/19 MP: 5/5
   149 | D:1      | Learned a level 2 spell: Ensorcelled Hibernation
   470 | D:2      | Gained mutation: You are partially covered in razor-sharp
                  | scales. (AC +1, Slay +1) [demonic ancestry]
   470 | D:2      | Reached XP level 3. HP: 18/24 MP: 1/6
   474 | D:2      | Learned a level 3 spell: Tukima's Dance
   834 | D:3      | Reached XP level 4. HP: 29/31 MP: 1/7
  1207 | D:4      | Gained mutation: You possess an exceptional clarity of
                  | mind. [potion of mutation]
  1207 | D:4      | Gained mutation: Your spells are a little harder to cast,
                  | but a little more powerful. [potion of mutation]
  1223 | D:4      | Slain by an orc

Illustrated notes

Levels and vault maps discovered:
D:1:      dpeg_arrival_long_road, layout_basic, st_stairs_9
D:2:      layout_loops_ring
D:3:      minmay_evil_eye, layout_loops_cross, uniq_ijyb
D:4:      nicolae_cairo_tiling_very_big, layout_basic, gammafunk_ghost_grave,
          kennysheep_pointless_box, hangedman_decor_peaks_small,
          kennysheep_opposing_triangles

Skill      XL: |  1  2 |
---------------+-------+-----
Short Blades   | 1 |  1.3
Stealth        | 3 |  3.4
Dodging        | 2 |  2.0
Fighting       | |  0.6
Armour         | |  0.8
Spellcasting   | |  2.3
Hexes          | |  3.6
Ice Magic      | |  0.3

Action                     |  1- 3 |  4- 6 || total
---------------------------+-------+-------++-------
  Melee: Dagger            |    91 |    38 ||   129
   Cast: Ensorcelled Hiber |    17 |     4 ||    21
         Tukima's Dance    |       |     6 ||     6
    Use: Potion            |     1 |     4 ||     5
         Scroll            |     3 |       ||     3
   Stab: Sleeping          |    13 |     2 ||    15
         Invisible         |       |     1 ||     1
 Armour: Robe              |    16 |     4 ||    20
  Dodge: Dodged            |    56 |    29 ||    85
  Block: Other             |       |    13 ||    13
